 Dungeon Crawl Stone Soup version 0.20.0-15-g7f486f2 (webtiles) character file.

100 Beldrama the Poker (level 4, -5/41 HPs)
             Began as a Hill Orc Monk on June 10, 2017.
             Slain by an ogre
             ... wielding a +0 giant club
              (20 damage)
             ... on level 2 of the Dungeon.
             The game lasted 00:07:12 (1918 turns).

Beldrama the Poker (Hill Orc Monk)                  Turns: 1918, Time: 00:07:13

Health: -5/41      AC:  6    Str: 14    XL:     4   Next: 74%
Magic:  4/4        EV: 11    Int: 10    God:
Gold:   164        SH:  0    Dex: 13    Spells: 3/3 levels left

rFire    . . .     SeeInvis .   a - +0 spear
rCold    . . .     Gourm    .   (no shield)
rNeg     . . .     Faith    .   e - +1 ring mail
rPois    .         Spirit   .   (no helmet)
rElec    .         Reflect  .   (no cloak)
rCorr    +         Harm     .   (no gloves)
MR       .....                  (no boots)
Stlth    +.........             (no amulet)
Regen    0.2/turn               j - ring of resist corrosion
MPRegen  0.1/turn               (no ring)

@: no status effects
A: no striking features
a: no special abilities


You were on level 2 of the Dungeon.
You were not hungry.

You visited 1 branch of the dungeon, and saw 3 of its levels.

You collected 164 gold pieces.

Inventory:

Hand Weapons
 a - a +0 spear (weapon)
Armour
 e - a +1 ring mail (worn)
Jewellery
 j - a ring of resist corrosion (left hand)
Scrolls
 d - a scroll of recharging
 l - a scroll of identify
Potions
 i - a potion of heal wounds
 k - a potion of curing
Comestibles
 b - 3 royal jellies
 c - 3 bread rations
 f - a chunk of flesh
 g - 2 fruits
 h - a meat ration


   Skills:
 + Level 4.4 Fighting
 * Level 5.2 Polearms
 + Level 0.2 Armour
 - Level 2.4 Dodging
 - Level 1.5 Stealth


You had 3 spell levels left.
You didn't know any spells.

Dungeon Overview and Level Annotations

Branches:
Dungeon (3/15)

Altars:
Dithmenos
Elyvilon
Fedhas
Uskayaw

Annotations:
D:3 Sigmund


Message History

The ogre closely misses you.
You hit the ogre.
The ogre is heavily wounded.
You hit the ogre but do no damage.
The ogre is heavily wounded.
The ogre barely misses you.
You hit the ogre.
The ogre is heavily wounded.
The ogre hits you with a giant club!
You hit the ogre but do no damage.
The ogre is heavily wounded.
You hit the ogre.
The ogre is severely wounded.
The ogre misses you.
You closely miss the ogre.
The ogre is severely wounded.
You barely miss the ogre.
The ogre is severely wounded.
The ogre hits you with a giant club!!
You die...

▒∙▒▒▒▒▒▒∙▒∙▒∙∙∙∙∙∙∙∙▒
▒∙▒ ▒∙▒∙∙∙▒▒▒▒▒▒∙∙
▒▒▒▒∙▒▒▒▒ ▒∙∙∙∙∙∙▒▒▒▒▒∙∙
▒∙(∙∙>∙∙▒ ▒∙∙∙∙∙∙▒▒∙∙∙∙∙
▒∙▒▒∙▒▒∙▒ ▒∙∙∙∙∙∙▒▒∙▒▒∙∙
▒∙▒▒∙▒▒%▒ ▒▒∙∙∙∙∙▒▒∙▒∙∙∙
▒∙∙∙∙▒▒∙▒▒▒▒∙∙∙∙∙▒▒∙▒∙∙∙
▒∙∙▒▒▒▒O▒▒∙∙∙∙∙∙∙∙▒∙▒∙∙∙
▒∙∙▒▒▒▒@▒▒∙∙∙∙∙∙∙∙∙∙▒▒∙∙
▒∙∙∙∙∙∙∙▒▒∙∙∙∙∙∙∙∙∙∙∙∙∙∙
▒▒∙▒▒▒▒▒▒▒∙∙∙∙∙∙∙∙∙▒▒▒▒∙
▒∙▒ ▒∙∙∙∙∙∙∙∙▒▒ ▒∙ ▒∙▒
▒▒▒ ▒▒▒▒▒∙∙∙▒▒ ▒∙ ▒∙▒
▒▄▒▒▒▒▒ ▒▒▒▒▒ ▒▒▒∙
▒∙▒▒▒∙∙▒▒∙▒ ▒∙∙∙
▒∙▒∙∙▒∙∙▒∙▒▒▒▒▒▒▒ ▒∙▒▒
▒∙▒∙∙∙▒∙▒∙∙∙∙∙<∙▒ ▒∙∙∙


You could see an ogre.

Vanquished Creatures
  Jessica (D:2)
  2 adders
  A worm (D:2)
  A dart slug (D:2)
  An orc (D:3)
  A ball python (D:1)
  4 goblins
  8 hobgoblins
  12 jackals
  4 bats
  3 frilled lizards
  5 kobolds
  5 rats
48 creatures vanquished.

Notes
Turn   | Place    | Note
-------+----------+-------------------------------------------
     0 | D:1      | Beldrama the Hill Orc Monk began the quest for the Orb.
     0 | D:1      | Reached XP level 1. HP: 19/19 MP: 1/1
    90 | D:1      | Reached XP level 2. HP: 27/27 MP: 2/2
   374 | D:1      | Reached skill level 4 in Polearms
   764 | D:2      | Reached XP level 3. HP: 32/33 MP: 3/3
   888 | D:2      | Found a hide-covered altar of Uskayaw.
   890 | D:2      | Noticed Jessica
   903 | D:2      | Killed Jessica
   903 | D:2      | Reached XP level 4. HP: 31/40 MP: 4/4
  1098 | D:2      | Found a blossoming altar of Fedhas.
  1132 | D:2      | Found a white marble altar of Elyvilon.
  1234 | D:2      | Reached skill level 5 in Polearms
  1738 | D:3      | Found a shadowy altar of Dithmenos.
  1741 | D:3      | Noticed Sigmund
  1877 | D:3      | Noticed an ogre
  1918 | D:2      | Slain by an ogre

Skill      XL: |  1  2  3  4 |
---------------+-------------+-----
Polearms       | 4 5 |  5.2
Fighting       | 4 |  4.4
Armour         | |  0.2
Dodging        | |  2.4
Stealth        | |  1.5

Action                   |  1- 3 |  4- 6 || total
-------------------------+-------+-------++-------
Melee: Spear             |   113 |   105 ||   218
  Use: Scroll            |     4 |     4 ||     8
       Potion            |     3 |     2 ||     5
 Stab: Sleeping          |     2 |       ||     2
  Eat: Chunk             |       |     3 ||     3
Armor: Robe              |     5 |       ||     5
       Ring mail         |    29 |    39 ||    68
Dodge: Dodged            |    54 |    51 ||   105
